 Dungeon Crawl Stone Soup version 0.32-a0-791-gfc315c9ecd (webtiles) character file.

Game seed: 9869585200915135965

2 Esekla the Sneak (level 1, 16/16 HPs)
             Began as an Octopode Delver on Mar 20, 2024.
             Quit the game on level 5 of the Dungeon.
             The game lasted 00:01:56 (210 turns).

Esekla the Sneak (Octopode Delver)                   Turns: 210, Time: 00:01:57

Health: 16/16      AC:  1    Str: 11    XL:     1   Next: 30%
Magic:  1/1        EV: 12    Int: 12    God:
Gold:   0          SH:  0    Dex: 13    Spells: 0/0 levels left

rFire   . . .        a - +1 falchion (holy)
rCold   . . .        (no shield)
rNeg    . . .        (helmet restricted)
rPois   .            (no amulet)
rElec   .            (no ring)
rCorr   .            (no ring)
SInv    .            (no ring)
Will    .....        (no ring)
Stlth   ++++         (no ring)
HPRegen 0.22/turn    (no ring)
MPRegen 0.07/turn    (no ring)
                     (no ring)

%: no passive effects
@: no status effects
A: almost no armour, amphibious, 8 rings, camouflage 1, gelatinous body 1,
(nimble swimmer 1), tentacles
a: no special abilities


You were on level 5 of the Dungeon.
You visited 1 branch of the dungeon, and saw 1 of its levels.

Inventory:

Hand Weapons
 a - a +1 falchion of holy wrath (weapon)
Wands
 f - a wand of digging (7)
Scrolls
 b - 2 scrolls of fog
 c - 2 scrolls of identify {unknown}
 d - a scroll of fear
Potions
 e - a potion of haste


   Skills:
 * Level 3.0 Fighting
 + Level 2.0 Long Blades
 * Level 2.0 Dodging
 + Level 6.6 Stealth


You couldn't memorise any spells.
You didn't know any spells.
Your spell library was empty.

Dungeon Overview and Level Annotations

Branches:
Dungeon (5/15)
 Temple: D:4-7

Altars:
Ashenzari
Makhleb


Innate Abilities, Weirdness & Mutations

You cannot wear most types of armour.
You are amphibious.
You can wear up to eight rings at the same time.
Your skin changes colour to match your surroundings (Stealth+).
Your rubbery body absorbs attacks. (AC +1, EV +1)
((You are camouflaged when in or above water. (Stealth+)))
You have tentacles for arms and can constrict up to eight enemies at once.


Message History

You kill the orc!
Things that are here:
a +1 falchion of holy wrath; a +0 ring mail You are now empty-tentacled.
You drop a +0 falchion.
Things that are here:
a +1 falchion of holy wrath; a +0 ring mail Your +1 falchion of holy wrath softly glows with a divine radiance!
a - a +1 falchion of holy wrath (weapon)
You start resting.
HP restored.
You see here a +0 ring mail.
You see here a +0 falchion.
You open the door.
Found a burning altar of Makhleb.
There is an open door here.
Found an escape hatch in the floor.
A jackal comes into view.
A jackal comes into view.
Found an escape hatch in the ceiling.
Found a scroll labelled LUOXUB NOLUAH.
Found a stone staircase leading down.
c - a scroll labelled LUOXUB NOLUAH You have 0 gold pieces.
Unknown command.
Found a scroll labelled LUOXUB NOLUAH.
Found a stone staircase leading up.
Found a murky amethyst potion.
Found a stone staircase leading up.
A jelly comes into view.
You see here a scroll labelled LUOXUB NOLUAH.
c - 2 scrolls labelled LUOXUB NOLUAH (gained 1)
Found a scroll labelled LUOXUB NOLUAH.
A wyvern comes into view.
Found a war axe.
Found 8 stones.
Found a wand of digging (4).
Found a ring mail.
You see here a wand of digging (4).
f - a wand of digging (7) (gained 4 charges)
You open the door.
Found a broken altar of Ashenzari.
Are you sure you want to abandon this character and quit the game? (Confirm with "yes".)

..#* ##.!.........[...#* .#*
##....####.......#* .#
##....## #......## #*
##....## ##.....# # ##....##
##....## ###....## #....##
.......## ##....# ........##
#.....#
##.......#######@###***
##............#'#,,,,*
##...<.......#_#,,,,**
*#...........###.,,,,*****
*#.................,,,,,,,*
*#............)......,,,,***
.....?.............#..,,,*
.......k.......#####...,**
,..#####......## *,,,**


There were no monsters in sight!

Vanquished Creatures
  An orc (D:5)
1 creature vanquished.

Notes
Turn   | Place    | Note
-------+----------+-------------------------------------------
     0 | D:5      | Esekla the Octopode Delver began the quest for the Orb.
     0 | D:5      | Reached XP level 1. HP: 16/16 MP: 1/1
   110 | D:5      | Found a burning altar of Makhleb.
   179 | D:5      | Noticed a jelly
   186 | D:5      | Noticed a wyvern
   209 | D:5      | Found a broken altar of Ashenzari.
   210 | D:5      | Quit the game

Illustrated notes

Levels and vault maps discovered:
D:5:      layout_layer_cave, ashenzari_conservatory_becter,
          lightli_temple_of_fire, chequers_serial_rivers_micro_e, uniq_duvessa

Action                     || total
---------------------------++-------
  Melee: Falchion          ||     4
         Constrict         ||     1
    Use: Scroll            ||     1
 Armour: Skin              ||     2
  Dodge: Dodged            ||     1

Table legend: (Time is in decaauts)
 A = Elapsed time spent in this place.
 B = Non-inter-level travel time spent in this place.
 C = Inter-level travel time spent in this place.
 D = Time resting spent in this place.
 E = Time spent auto-exploring this place.
 F = Levels seen in this place.
 G = Mean time per level.
                   A        B        C        D        E       F      G
               +--------+--------+--------+--------+--------+-----+--------+
         Total |    210 |    210 |      0 |     31 |      0 |   1 |  210.0 |
       Dungeon |    210 |    210 |      0 |     31 |      0 |   1 |  210.0 |
               +--------+--------+--------+--------+--------+-----+--------+

Top non-repeatable levels by time:
     D:5: 210 daAuts
